Map: Odyssey LE

Players

Namshar - Winner!

  • Race: Zerg Zerg
  • Spawn Location: 11:00

JonSnow

  • Race: Zerg Zerg
  • Spawn Location: 5:00

Event: WCS Jonkoping 2017

VOD

Have the link to the VOD?

Description

Time

  • Played on: June 17, 2017, 3:15 p.m.
  • Length: 11:59

All games in this series

Show
View Real Time Build Order
Export as new Build Order

Namshar Zerg - Winner!

Build Orders: Hatch First 

Get SALT Encoding   

  12  0:00  Drone  
  13  0:12  Overlord  
  13  0:16  Drone  
  14  0:31  Drone x2  
  14  0:34  Drone  
  17  0:51  Hatchery  
  17  0:54  Drone  
  17  0:57  Drone  
  18  1:08  Extractor  
  17  1:12  Spawning Pool  
  17  1:15  Drone  
  17  1:18  Drone  
  18  1:27  Drone  
  19  1:38  Overlord  
  19  1:59  Queen, Zergling x2  
  19  2:00  Zergling x2  
  23  2:02  Queen  
  23  2:03  Zergling x2  
  23  2:07  Metabolic Boost  
  26  2:10  Drone  
  26  2:14  Drone  
  28  2:21  Drone  
  29  2:25  Drone  
  30  2:32  Overlord  
  30  2:34  Queen  
  32  2:38  Drone  
  32  2:43  Drone  
  34  2:52  Baneling Nest  
  34  2:57  Spine Crawler  
  32  2:59  Drone  
  32  3:00  Drone x2  
  35  3:08  Drone x3  
  35  3:09  Drone x2  
  40  3:16  Drone  
  40  3:17  Drone x2  
  42  3:28  Overlord  
  43  3:37  Overlord  
  43  3:38  Drone  
  43  3:39  Hatchery  
  43  3:40  Baneling x2  
  43  3:44  Zergling x2  
  44  3:52  Zergling x14  
  50  3:56  Zergling x2  
  50  4:01  Zergling x2  
  52  4:10  Queen, Baneling x2  
  53  4:20  Baneling x2  
  53  4:21  Overlord  
  53  4:22  Zergling x2  
  53  4:23  Zergling x8  
  58  4:26  Hatchery  
  58  4:29  Zergling x2  
  58  4:36  Evolution Chamber  
  58  4:38  Drone x2  
  58  4:42  Roach Warren  
  58  4:44  Drone  
  59  4:49  Drone x3  
  61  4:54  Drone x3  
  61  4:58  Zergling x4  
  57  5:07  Extractor  
  57  5:14  Extractor  
  53  5:21  Roach x7  
  65  5:29  Roach  
  65  5:30  Overlord x3  
  67  5:38  Overlord  
  67  5:43  Roach x2  
  71  5:51  Roach x5  
  78  6:01  Roach x2  
  78  6:02  Roach  
  79  6:11  Zergling x4, Roach x2  
  79  6:12  Roach  
  79  6:15  Roach  
  83  6:21  Zergling x2, Roach  
  83  6:22  Zergling x2, Roach  
  85  6:29  Zergling x4, Roach x2  
  76  6:36  Queen  
  78  6:42  Zerg Missile Weapons Level 1  
  78  6:53  Hatchery  
  76  6:56  Drone  
  76  6:57  Drone x2  
  76  6:59  Lair  
  77  7:02  Roach  
  77  7:05  Overlord  
  79  7:13  Overlord  
  79  7:15  Roach x6  
  89  7:38  Drone  
  89  7:39  Drone x2  
  89  7:43  Overlord x2  
  89  7:44  Overlord  
  92  7:49  Drone x2, Overlord  
  92  7:50  Roach x2  
  98  7:56  Overseer  
  98  7:57  Glial Reconstitution  
  98  8:06  Extractor  
  98  8:10  Drone x2  
  98  8:11  Drone  
  100  8:14  Roach  
  100  8:15  Roach x2  
  106  8:20  Roach  
  106  8:21  Roach x4  
  116  8:29  Overlord x2  
  116  8:35  Zerg Missile Weapons Level 2  
  116  8:37  Drone x5  
  119  8:44  Drone x2  
  119  8:54  Extractor, Drone  
  120  8:55  Drone x2  
  120  8:56  Drone  
  120  8:58  Hatchery  
  120  8:59  Ravager x3  
  120  9:00  Ravager, Roach x3  
  129  9:04  Roach  
  129  9:05  Roach  
  129  9:06  Overlord  
  129  9:07  Drone x3  
  136  9:13  Roach x3  
  142  9:18  Overlord  
  142  9:23  Roach x3  
  142  9:24  Roach  
  150  9:29  Drone  
  150  9:30  Extractor  
  150  9:31  Drone x3  
  151  9:36  Ravager x2  
  155  9:39  Overseer  
  155  9:47  Roach x6  
  167  9:58  Roach x5  
  177  10:06  Roach x6  
  173  10:09  Roach  
  173  10:10  Roach  
  165  10:14  Roach x2  
  167  10:24  Roach x5  
  167  10:27  Roach  
  167  10:28  Roach  
  179  10:32  Roach  
  179  10:41  Roach  
  179  10:42  Roach  
  169  11:00  Roach  
  169  11:01  Roach x8  
  177  11:04  Drone  
  177  11:05  Hydralisk Den  
  177  11:07  Roach x3  
  180  11:16  Roach x4  
  180  11:17  Roach x2  
  177  11:32  Roach x7  
  181  11:36  Roach x3  
  169  11:48  Spore Crawler  
  169  11:50  Spore Crawler  
  169  11:54  Spore Crawler  
Show
View Real Time Build Order
Export as new Build Order

JonSnow Zerg 

Build Orders: Hatch First 

Get SALT Encoding   

  12  0:00  Drone  
  13  0:12  Overlord  
  13  0:17  Drone  
  14  0:31  Drone  
  14  0:32  Drone  
  14  0:34  Drone  
  17  0:45  Drone  
  18  0:59  Drone  
  18  1:00  Hatchery  
  18  1:07  Drone  
  19  1:11  Extractor  
  19  1:17  Spawning Pool  
  17  1:19  Drone  
  18  1:28  Drone  
  19  1:49  Drone  
  19  1:50  Hatchery  
  19  2:03  Queen  
  19  2:06  Zergling x2  
  22  2:11  Queen  
  24  2:18  Metabolic Boost  
  24  2:23  Drone  
  24  2:24  Drone  
  24  2:28  Zergling x2  
  27  2:31  Zergling x2  
  28  2:41  Overlord  
  28  2:58  Queen  
  28  3:03  Drone x3  
  33  3:06  Drone x4  
  37  3:23  Roach Warren  
  36  3:29  Zergling x12  
  42  3:34  Overlord  
  42  3:40  Overlord  
  42  3:56  Drone x8  
  42  4:02  Overlord  
  47  4:16  Drone x2  
  49  4:17  Extractor  
  49  4:21  Roach x4  
  56  4:29  Overlord x2  
  56  4:35  Spine Crawler  
  55  4:39  Spine Crawler  
  55  4:42  Roach x2  
  57  4:48  Roach x4  
  57  4:49  Roach  
  67  4:56  Queen  
  67  4:57  Roach  
  70  5:02  Roach x2  
  68  5:10  Roach  
  68  5:11  Zergling x2, Roach  
  73  5:16  Overlord x2  
  73  5:34  Zergling x16  
  81  5:38  Zergling x2  
  82  5:46  Evolution Chamber  
  82  5:47  Zergling x8  
  84  5:56  Drone x3  
  84  5:57  Drone x2  
  85  6:10  Drone x4  
  83  6:14  Drone x2  
  75  6:25  Roach x5  
  80  6:30  Roach  
  80  6:31  Roach  
  79  6:38  Roach x3  
  80  6:41  Lair  
  80  6:45  Extractor  
  76  6:47  Zerg Missile Weapons Level 1  
  76  6:50  Roach x2  
  76  6:55  Roach x2  
  76  6:57  Roach  
  76  6:58  Zergling x2  
  81  7:02  Roach  
  81  7:05  Queen  
  81  7:07  Roach  
  85  7:11  Roach  
  85  7:12  Zergling x2  
  86  7:16  Roach  
  86  7:17  Zergling x2  
  87  7:25  Drone  
  87  7:26  Drone x3  
  87  7:32  Drone x2  
  89  7:40  Glial Reconstitution  
  89  7:44  Extractor  
  89  7:47  Drone  
  89  7:48  Overlord x3  
  89  7:59  Overlord  
  89  8:02  Overseer  
  89  8:07  Drone x4  
  89  8:08  Drone x4  
  89  8:11  Drone x6  
  103  8:18  Drone x2  
  105  8:20  Drone  
  105  8:21  Drone x3  
  109  8:30  Overlord  
  109  8:31  Extractor, Unknown  
  108  8:36  Roach x2  
  108  8:39  Roach x4  
  120  8:45  Roach x2  
  121  8:51  Roach x3  
  127  9:05  Hatchery  
  127  9:08  Spire, Drone  
  127  9:09  Extractor, Roach x2  
  129  9:23  Overlord x4  
  129  9:39  Overlord  
  129  9:42  Roach x3  
  129  9:43  Roach x5  
  145  9:50  Roach  
  145  9:53  Overlord  
  145  10:01  Roach  
  125  10:07  Roach x9  
  125  10:13  Roach  
  123  10:15  Roach  
  123  10:21  Mutalisk x3  
  115  10:24  Mutalisk  
  119  10:29  Mutalisk  
  119  10:32  Mutalisk  
  121  10:36  Mutalisk  
  121  10:39  Mutalisk  
  121  10:41  Roach Warren  
  126  10:45  Mutalisk  
  126  10:48  Zergling x2  
  116  10:53  Zergling x2  
  116  10:55  Mutalisk x2  
  116  10:56  Queen x2  
  109  11:01  Mutalisk x4  
  89  11:09  Zergling x2  
  89  11:10  Zergling x6  
  80  11:18  Mutalisk  
  80  11:21  Zergling x4  
  69  11:27  Zergling x2  
  69  11:31  Roach  
  66  11:33  Overseer  
  66  11:36  Roach x3  
Tags
 
Add a new tag
Caveats
  • Supply blocks, unpowered buildings, or Contaminate may cause inaccurate times.
  • Supply counts are checked every 10 seconds.